 Dungeon Crawl Stone Soup version 0.26-a0-40-gfe7b5d5a6f (webtiles) character file.

Game seed: 15759811012564460935, levelgen mode: deterministic

48 Debik the Skirmisher (level 3, 0/34 HPs)
             Began as a Minotaur Fighter on May 31, 2020.
             Succumbed to a gnoll's poison
             ... on level 2 of the Dungeon.
             The game lasted 00:02:13 (1142 turns).

Debik the Skirmisher (Minotaur Fighter)             Turns: 1142, Time: 00:02:14

Health: 0/34       AC:  7    Str: 21    XL:     3   Next: 50%
Magic:  2/2        EV:  7    Int:  5    God:
Gold:   97         SH:  9    Dex:  9    Spells: 2/2 levels left

rFire    . . .     SeeInvis .   a - +0 war axe
rCold    . . .     Gourm    .   c - +0 kite shield
rNeg     . . .     Faith    .   b - +0 scale mail
rPois    .         Spirit   .   (helmet restricted)
rElec    .         Reflect  .   (no cloak)
rCorr    .         Harm     .   (no gloves)
MR       .....                  (no boots)
Stlth    ..........             (no amulet)
HPRegen  0.11/turn              j - ring of wizardry
MPRegen  0.08/turn              (no ring)

@: mighty, lethally poisoned (0 -> -17)
A: retaliatory headbutt, horns 2
a: no special abilities


You were on level 2 of the Dungeon.
You were not hungry.

You visited 1 branch of the dungeon, and saw 2 of its levels.

You collected 97 gold pieces.

Inventory:

Hand Weapons
 a - a +0 war axe (weapon)
Armour
 b - a +0 scale mail (worn)
 c - a +0 kite shield (worn)
Jewellery
 j - a ring of wizardry (left hand)
Scrolls
 e - 3 scrolls of remove curse {unknown}
 k - a scroll of immolation {unknown}
 l - 2 scrolls of teleportation {unknown}
Potions
 h - a potion of ambrosia {unknown}
 i - a potion of resistance {unknown}
Comestibles
 f - a ration
 g - 2 chunks of flesh


   Skills:
 * Level 4.4 Fighting
 * Level 3.0 Axes
 + Level 3.9 Armour
 + Level 0.2 Dodging
 + Level 4.1 Shields


You had 2 spell levels left.
You didn't know any spells.
Your spell library was empty.

Dungeon Overview and Level Annotations

Branches:
Dungeon (2/15)

Altars:
Elyvilon
Sif Muna


Innate Abilities, Weirdness & Mutations

You reflexively headbutt those who attack you in melee.
You have a pair of horns on your head.


Message History

You are too injured to fight recklessly!
You are too injured to fight recklessly!
You are too injured to fight recklessly!
You feel very mighty all of a sudden.
You feel sick.
The gnoll hits you from afar with a +1 halberd of venom.
* * * LOW HITPOINT WARNING * * *
You are more poisoned.
* * * LOW HITPOINT WARNING * * *
You feel sick.
* * * LOW HITPOINT WARNING * * *
You feel sick.
* * * LOW HITPOINT WARNING * * *
You feel sick.
* * * LOW HITPOINT WARNING * * *
You feel sick.
* * * LOW HITPOINT WARNING * * *
You feel sick.
There is an open door here.
You die...

#..#.##(...#
#......รท####
...####.# #.#
###)###
#....(# s.
#.....# #.
#.....# # #.
#..@..# #.
#.#####'###
.. #g#...g..#
#.#.#g###..#
##.g.#(# #..#
#...gsg# #..#
....#.g###
#..# . #..
...# ....
#...


You could see a gnoll.

Vanquished Creatures
  An adder (D:2)
  3 leopard geckos
  4 bats
  A giant cockroach (D:1)
  9 goblins
  5 hobgoblins (D:1)
  A quokka (D:2)
  2 frilled lizards
  3 kobolds
  5 rats
34 creatures vanquished.

Notes
Turn   | Place    | Note
-------+----------+-------------------------------------------
     0 | D:1      | Debik the Minotaur Fighter began the quest for the Orb.
     0 | D:1      | Reached XP level 1. HP: 19/19 MP: 0/0
   228 | D:1      | Reached XP level 2. HP: 24/27 MP: 1/1
   865 | D:1      | Reached XP level 3. HP: 33/33 MP: 2/2
  1061 | D:2      | Found a white marble altar of Elyvilon.
  1061 | D:2      | Found a shimmering blue altar of Sif Muna.
  1142 | D:2      | Succumbed to a gnoll's poison

Illustrated notes

Levels and vault maps discovered:
D:1:      minmay_arrival_three_doors, layout_basic
D:2:      layout_basic, minitemple, minmay_tetromino_l2

Skill      XL: |  1  2  3 |
---------------+----------+-----
Fighting       | 4 |  4.4
Shields        | 4 |  4.1
Axes           | 3 |  3.0
Armour         | |  3.9
Dodging        | |  0.2

Action                   || total
-------------------------++-------
Melee: War axe           ||    80
       Headbutt          ||    13
  Use: Potion            ||     1
  Eat: Chunk             ||     1
Armor: Scale mail        ||    30
Dodge: Dodged            ||    18
Block: Kite shield       ||    50

Table legend:
 A = Non-vault XP
 B = Vault XP
 C = Vault XP percentage of total XP
 D = Non-vault monster count
 E = Vault monster count
 F = Vault count percentage of total count
                 A         B        C        D         E       F
            +---------+---------+-------+---------+---------+-------
      Total |      69 |       0 |   0.0 |      34 |       0 |   0.0
            +---------+---------+-------+---------+---------+-------
        D:1 |      41 |       0 |   0.0 |      24 |       0 |   0.0
        D:2 |      28 |       0 |   0.0 |      10 |       0 |   0.0
            +---------+---------+-------+---------+---------+-------
